 Dungeon Crawl Stone Soup version 0.20-a0-548-g4f8a798 (webtiles) character file.

5149 AlphabetPasta the Zephyrmancer (level 10, -4/91 HPs)
             Began as an Ogre Air Elementalist on Jan 31, 2017.
             Was a Priest of Sif Muna.
             Slain by Erolcha
             ... wielding a cursed +0 giant club
              (11 damage)
             ... on level 9 of the Dungeon on Feb 1, 2017.
             The game lasted 00:46:17 (9116 turns).

AlphabetPasta the Zephyrmancer (OgAE)               Turns: 9116, Time: 00:46:17

Health: -4/91      AC:  5    Str: 14    XL:     10   Next: 59%
Magic:  12/21      EV: 11    Int: 19    God:    Sif Muna [***...]
Gold:   518        SH:  6    Dex: 12    Spells: 12/24 levels left

rFire    . . .     SeeInvis .   A - +4 quarterstaff (distort)
rCold    . . .     Gourm    .   e - +1 robe {Archmagi}
rNeg     . . .     Faith    .   (shield currently unavailable)
rPois    .         Spirit   .   (helmet restricted)
rElec    .         Reflect  +   w - +0 cloak
rCorr    .         Harm     .   (gloves unavailable)
MR       +....                  (boots unavailable)
Stlth    ++........             y - +6 amulet of reflection
Regen    0.3/turn               (no ring)
                                K - +3 ring of dexterity

@: exhausted, about to teleport
A: unfitting armour, tough skin 1
a: Divine Energy, Channel Magic, Renounce Religion


You were on level 9 of the Dungeon.
You worshipped Sif Muna.
Sif Muna was most pleased with you.
You were not hungry.

You visited 2 branches of the dungeon, and saw 10 of its levels.
You also visited: Ossuary.

You collected 518 gold pieces.

Inventory:

Hand Weapons
 d - a +1 club
 g - a +0 quarterstaff
 A - a +4 quarterstaff of distortion (weapon)
Armour
 a - a +1 robe
 e - a +1 robe of the Archmagi (worn)
 t - a +2 robe of magic resistance
 w - a +0 cloak (worn)
Jewellery
 y - a +6 amulet of reflection (around neck)
 K - a +3 ring of dexterity (left hand)
Wands
 f - a wand of random effects (23/48)
 n - a wand of polymorph (4/24)
 C - a wand of iceblast (1/15)
 H - a wand of polymorph (6/24)
Scrolls
 p - 4 scrolls of recharging
 s - 7 scrolls of teleportation
 x - 3 scrolls of remove curse
 D - a scroll of enchant armour
 G - 2 scrolls of magic mapping
 I - 3 scrolls of amnesia
Potions
 h - a potion of mutation {unknown}
 i - a potion of cancellation {unknown}
 k - 2 potions of brilliance
 m - a potion of degeneration {unknown}
 o - 2 potions of flight
 q - a potion of invisibility {unknown}
 u - 2 potions of might {unknown}
 v - 4 potions of curing
 z - a potion of haste
 B - a potion of magic
Books
 b - a book of Air

   Spells                             Type                      Level
   a - Shock                          Conjuration/Air              1
   b - Swiftness                      Charms/Air                   2
   c - Repel Missiles                 Charms/Air                   2
   d - Static Discharge               Conjuration/Air              3
   e - Lightning Bolt                 Conjuration/Air              5
 E - a book of Power

   Spells                             Type                      Level
   a - Fulminant Prism                Conjuration/Hexes            4
   b - Iskenderun's Mystic Blast      Conjuration                  4
   c - Venom Bolt                     Conjuration/Poison           5
   d - Bolt of Magma                  Conjuration/Fire/Earth       5
   e - Iron Shot                      Conjuration/Earth            6
   f - Orb of Destruction             Conjuration                  7
   g - Spellforged Servitor           Conjuration/Summoning        7
 F - a book of Frost

   Spells                             Type                      Level
   a - Freeze                         Ice                          1
   b - Throw Frost                    Conjuration/Ice              2
   c - Ozocubu's Armour               Charms/Ice                   3
   d - Throw Icicle                   Conjuration/Ice              4
   e - Summon Ice Beast               Ice/Summoning                4
Comestibles
 c - 6 bread rations
 l - 3 royal jellies
 J - 3 chunks of flesh


   Skills:
 - Level 3.0 Fighting
 - Level 3.3 Staves
 + Level 3.3 Dodging
 - Level 1.4 Stealth
 + Level 7.8 Spellcasting
 * Level 6.5 Conjurations
 * Level 9.1 Air Magic
 + Level 4.8 Invocations


You had 12 spell levels left.
You knew the following spells:

 Your Spells              Type           Power        Failure   Level  Hunger
a - Shock                 Conj/Air       ####         1%          1    None
b - Repel Missiles        Chrm/Air       #####.       1%          2    None
c - Swiftness             Chrm/Air       #####...     1%          2    None
d - Static Discharge      Conj/Air       ######..     1%          3    #......
e - Iskenderun's Mystic   Conj           #####...     8%          4    ###....


Dungeon Overview and Level Annotations

Branches:
Dungeon (9/15)             Temple (1/1) D:4            Lair (0/6) D:9
    Orc: D:9-12

Altars:
Ashenzari
Cheibriados
Dithmenos
Elyvilon
Fedhas
Gozag
Hepliaklqana
Kikubaaqudgha
Makhleb
Nemelex Xobeh
Okawaru
Qazlal
Ru
Sif Muna
Trog
Uskayaw
Vehumet
Yredelemnul
The Shining One

Shops:
D:5 %

Annotations:
D:9 Erolcha


Innate Abilities, Weirdness & Mutations

You are too large for most types of armour.
You have tough skin. (AC +1)


Message History

Erolcha seems to speed up.
As you read the scroll of teleportation, it crumbles to dust.
You feel strangely unstable.
You feel yourself speed up.
Evoke which item? (* to show all) (? for menu, Esc to quit)
Aiming: Iceblast (will waste charges)
Press: ? - help, Shift-Dir - straight line, f - Erolcha
Aim: Erolcha, wielding a giant club and wearing a robe (severely wounded, fast)
The mass of ice explodes!
The iceblast engulfs Erolcha.
Erolcha is almost dead.
Evoking this partially-identified wand wasted a few charges.
You hear an angry buzzing noise.
Erolcha gestures at you while chanting. The bolt of cold hits you!
* * * LOW HITPOINT WARNING * * *
You feel better.
Erolcha drinks a potion.
Erolcha is healed!
You feel better. Erolcha hits you with a giant club!!
* * * LOW HITPOINT WARNING * * *
Erolcha hits you with a giant club!
You die...

..........#....####
..........#........
..........#........
.........†'........
#.......##########
#....................
#...................#
#....)####'#####....# . .
#.))).#......O@#....##.#
. #.....#........#......#
# #..(..#........#....# #
###...##########....#####
# #.....................#
# ######......###.......#
# ####.### #.......# #
#.# #.......####### #.#
#..............


You could see Erolcha.

Vanquished Creatures
  A two-headed ogre (D:9)
  Pikel (D:5)
  A troll (D:9)
  A hornet (D:8)
  A hippogriff (D:9)
  Prince Ribbit (D:5)
  Grinder (D:3)
  A wraith (Ossuary)
  Sigmund (D:3)
  Eustachio (D:4)
  2 slaves (D:5)
  An orc warrior (D:4)
  An ice beast (D:7)
  A black bear (D:7)
  4 ogres
  A centaur (D:7)
  A phantom (D:8)
  A bullfrog (D:9)
  A big kobold (D:9)
  2 gnoll sergeants (D:9)
  Blork the orc (D:4)
  2 scorpions
  A wyvern skeleton (D:3)
  4 crimson imps
  2 howler monkeys
  A quasit (D:7)
  5 hounds
  3 orc priests
  8 orc wizards
  2 bullfrog skeletons
  5 jellies
  A centaur skeleton (D:4)
  3 iguanas
  5 worker ants
  A howler monkey skeleton (D:7)
  A mummy (Ossuary)
  11 gnolls
  4 adders
  2 oozes
  2 worms (D:4)
  A leopard gecko (D:4)
  34 orcs
  3 giant cockroaches
  6 goblins
  6 hobgoblins
  10 jackals
  6 quokkas
  A ball python (D:3)
  2 bats
  3 frilled lizards
  2 gnoll skeletons (Ossuary)
  A goblin zombie (D:7)
  14 kobolds
  8 kobold skeletons (Ossuary)
  A leopard gecko skeleton (D:6)
  15 orc skeletons (Ossuary)
  2 rats (D:3)
  A rat zombie (D:7)
205 creatures vanquished.

Notes
Turn   | Place    | Note
-------+----------+-------------------------------------------
     0 | D:1      | AlphabetPasta the Ogre Air Elementalist began the quest for the Orb.
     0 | D:1      | Reached XP level 1. HP: 16/16 MP: 3/3
    58 | D:1      | Reached skill level 1 in Conjurations
    58 | D:1      | Reached skill level 3 in Air Magic
    58 | D:1      | Reached XP level 2. HP: 14/24 MP: 0/5
    62 | D:1      | Learned a level 2 spell: Repel Missiles
    65 | D:1      | Learned a level 2 spell: Swiftness
   707 | D:2      | Found a faded altar of an unknown god.
   907 | D:2      | Reached XP level 3. HP: 25/31 MP: 1/7
  1197 | D:3      | Reached XP level 4. HP: 11/39 MP: 0/8
  1508 | D:3      | Noticed Grinder
  1508 | D:3      | Paralysed by Grinder for 7 turns
  1527 | D:3      | Killed Grinder
  1527 | D:3      | Reached skill level 4 in Air Magic
  1527 | D:3      | Reached XP level 5. HP: 30/45 MP: 8/11
  1527 | D:3      | Reached XP level 6. HP: 35/53 MP: 8/12
  1752 | D:3      | Learned a level 3 spell: Static Discharge
  1865 | D:3      | Found a shadowy altar of Dithmenos.
  1920 | D:3      | Noticed Sigmund
  1943 | D:3      | Killed Sigmund
  1943 | D:3      | Reached skill level 5 in Air Magic
  2278 | D:3      | Reached XP level 7. HP: 50/59 MP: 1/13
  2572 | D:4      | Reached skill level 1 in Staves
  2631 | D:4      | Reached skill level 1 in Fighting
  2765 | D:4      | Found a snail-covered altar of Cheibriados.
  2782 | D:4      | Noticed Eustachio
  2887 | D:4      | Killed Eustachio
  2887 | D:4      | Reached skill level 5 in Spellcasting
  2887 | D:4      | Reached skill level 6 in Air Magic
  2888 | D:4      | Reached XP level 8. HP: 50/72 MP: 1/15
  3592 | D:4      | Found a staircase to the Ecumenical Temple.
  3594 | D:4      | Noticed Blork the orc
  3604 | D:4      | Killed Blork the orc
  3631 | Temple   | Entered the Ecumenical Temple
  3799 | Temple   | Became a worshipper of Sif Muna the Loreminder
  4370 | D:5      | Entered Level 5 of the Dungeon
  4373 | D:5      | Noticed Prince Ribbit
  4376 | D:5      | Killed Prince Ribbit
  4376 | D:5      | Reached skill level 7 in Air Magic
  4376 | D:5      | Reached skill level 1 in Invocations
  4783 | D:5      | Found Uwupy's Food Emporium.
  4841 | D:5      | Noticed Pikel
  4849 | D:5      | Killed Pikel
  4849 | D:5      | Reached * piety under Sif Muna
  4849 | D:5      | Reached XP level 9. HP: 47/79 MP: 9/18
  5023 | D:5      | Found a white marble altar of Elyvilon.
  5058 | D:5      | Found a blossoming altar of Fedhas.
  5684 | D:6      | Found an iron altar of Okawaru.
  5987 | D:7      | Reached skill level 5 in Conjurations
  6065 | D:7      | Found a sand-covered staircase.
  6077 | Ossuary  | Entered an ossuary
  6286 | Ossuary  | Learned a level 2 spell: Swiftness
  6597 | Ossuary  | Reached skill level 8 in Air Magic
  6672 | D:7      | Reached ** piety under Sif Muna
  7171 | D:7      | Learned a level 4 spell: Iskenderun's Mystic Blast
  7702 | D:8      | Reached XP level 10. HP: 88/88 MP: 13/20
  8640 | D:9      | Found a sacrificial altar of Ru.
  8845 | D:9      | Noticed a two-headed ogre
  8852 | D:9      | Killed a two-headed ogre
  8852 | D:9      | Reached skill level 9 in Air Magic
  8858 | D:9      | Reached *** piety under Sif Muna
  8909 | D:9      | Found a staircase to the Lair.
  9085 | D:9      | Noticed Erolcha
  9116 | D:9      | Slain by Erolcha

Vault maps used:
D:1:      tarquinn_simple_flora_water_f
D:2:      chequers_ecumenical_altar_simple_redux
D:3:      grunt_dithmenos_smoke, uniq_grinder, uniq_sigmund
D:4:      wad_river_or_something, cheibriados_altar_1,
          minmay_temple_entry_large_hall, uniq_eustachio, uniq_blork_the_orc
D:5:      fedhas_altar_3, first_bread, basic_altar, serial_shops, shop,
          uniq_pikel, uniq_prince_ribbit1
D:6:      okawaru_altar_gauntlet_db
D:7:      enter_ossuary_4
D:9:      hangedman_ru_absence, grunt_temple_overflow_order_and_chaos_1,
          lair_entry_dummy, hangedman_pestilent_swarm, uniq_erolcha
Temple:   regret_index_temple_waves
Ossuary:  ossuary_due_mausoleum

Skill      XL: |  1  2  3  4  5  6  7  8  9 10 |
---------------+-------------------------------+-----
Conjurations   | 1 2 3 4 5 6 |  6.5
Air Magic      | 3 4 5 6 7 8 9 |  9.1
Spellcasting   | 3 4 5 6 7 |  7.8
Staves         | 1 2 3 |  3.3
Fighting       | 2 3 |  3.0
Dodging        | 2 3 |  3.3
Invocations    | 2 3 4 |  4.8
Stealth        | |  1.4

Action                   |  1- 3 |  4- 6 |  7- 9 | 10-12 || total
-------------------------+-------+-------+-------+-------++-------
Melee: Club              |    13 |    18 |       |       ||    31
       Quarterstaff      |       |     3 |    31 |     4 ||    38
 Cast: Shock             |    36 |    32 |   285 |    60 ||   413
       Repel Missiles    |     1 |       |     2 |       ||     3
       Static Discharge  |       |     2 |    41 |    33 ||    76
Evoke: Wand              |       |       |     9 |     4 ||    13
  Use: Scroll            |     7 |     2 |    10 |     3 ||    22
       Potion            |     1 |     4 |     4 |     4 ||    13
  Eat: Chunk             |     1 |     3 |     8 |     3 ||    15
       Meat ration       |       |       |     2 |       ||     2
       Royal jelly       |       |       |       |     1 ||     1
Armor: Robe              |     4 |     5 |    31 |     4 ||    44
Dodge: Dodged            |    12 |    12 |    59 |    18 ||   101
       Deflected         |       |       |     4 |     1 ||     5
Block: Other             |       |       |    15 |     7 ||    22
